 Dungeon Crawl Stone Soup version 0.27.1-34-g3ba077fa99 (webtiles) character file.

Game seed: 9664810295730164120

669 iwittbrodt the Skirmisher (level 7, 0/51 HPs)
             Began as an Octopode Monk on Jan 16, 2022.
             Was a Believer of the Shining One.
             Splashed by an orc's acid (16 damage)
             ... on level 4 of the Dungeon.
             The game lasted 00:26:11 (4996 turns).

iwittbrodt the Skirmisher (Octopode Monk)           Turns: 4996, Time: 00:26:11

Health: 0/51       AC: -3    Str: 10    XL:     7   Next: 58%
Magic:  8/8        EV: 14    Int: 15    God:    the Shining One [**....]
Gold:   199        SH:  0    Dex: 14    Spells: 5/6 levels left

rFire    . . .     SeeInvis .   m - +0 trident
rCold    . . .     Faith    .   (no shield)
rNeg     + + +     Spirit   .   (helmet restricted)
rPois    .         Reflect  .   (no amulet)
rElec    .         Harm     .   n - ring of positive energy
rCorr    .         Rampage  .   q - ring of positive energy
Will     .....                  (no ring)
Stlth    ++........             (no ring)
HPRegen  0.17/turn              (no ring)
MPRegen  0.11/turn              (no ring)
                                (no ring)
                                (no ring)

@: corroded, glowing
A: almost no armour, amphibious, 8 rings, camouflage 1, gelatinous body 1,
(nimble swimmer 1), tentacles
a: Renounce Religion, Divine Shield


You were on level 4 of the Dungeon.
You worshipped the Shining One.
The Shining One was pleased with you.
You visited 1 branch of the dungeon, and saw 4 of its levels.

You collected 199 gold pieces.

Inventory:

Hand Weapons
 m - a +0 trident (weapon)
Missiles
 b - 138 stones (quivered)
 k - 4 javelins
Jewellery
 n - a ring of positive energy (left tentacle)
 q - a ring of positive energy (right tentacle)
Wands
 l - a wand of iceblast (6)
Scrolls
 a - a scroll of immolation {unknown}
 e - a scroll of teleportation {unknown}
 j - a scroll of noise {unknown}
 o - a scroll of fog {unknown}
 p - a scroll of enchant armour {unknown}
Potions
 c - 3 potions of heal wounds {unknown}
 d - 4 potions of attraction {unknown}
 f - 2 potions of curing {unknown}
 g - a potion of brilliance {unknown}
 h - 2 potions of berserk rage {unknown}
 i - 3 potions of might


   Skills:
 * Level 5.7 Fighting
 + Level 4.5 Polearms
 + Level 4.5 Dodging
 - Level 4.5 Stealth
 - Level 2.0 Translocations
 + Level 1.8 Invocations


You had 5 spell levels left.
You knew the following spells:

 Your Spells              Type           Power      Damage    Failure   Level
a - Apportation           Tloc           12%        N/A       12%         1

Your spell library contained the following spells:

 Spells                   Type           Power      Damage    Failure   Level
 Alistair's Intoxication  Tmut/Pois      0%         N/A       100%        5
 Invisibility             Hex            0%         N/A       100%        6


Dungeon Overview and Level Annotations

Branches:
Dungeon (4/15)
 Temple: D:4-7

Altars:
Makhleb
Uskayaw
Zin
The Shining One

Shops:
D:2 !


Innate Abilities, Weirdness & Mutations

You cannot wear most types of armour.
You are amphibious.
You can wear up to eight rings at the same time.
Your skin changes colour to match your surroundings (Stealth+).
Your rubbery body absorbs attacks. (AC +1, EV +1)
((You are camouflaged near water. (Stealth+)))
You have tentacles for arms and can constrict up to eight enemies at once.


Message History

No target in view!
Things that are here:
a +0 dagger; a +0 robe; an orc corpse You see here a +0 club.
Things that are here:
a +0 dagger; a +0 robe; an orc corpse
Found 14 stones.
b - 138 stones (gained 14)
A quokka and a scorpion come into view.
The orc shouts!
Press: ? - help, v - describe, . - travel The floor.
This square is lit by a halo.
You reach to attack!
You hit the scorpion but do no damage.
The orc zaps a wand.
The bolt of acid misses you.
You hit the scorpion but do no damage. Your grab misses the scorpion.
You squeeze the scorpion, but do no damage.
The scorpion closely misses you. The scorpion barely misses you.
You hit the scorpion but do no damage. Your grab misses the scorpion.
You squeeze the scorpion!
The scorpion is heavily wounded.
The orc zaps a wand.
The bolt of acid misses you. The scorpion stings you.
You hit the scorpion. You grab the scorpion.
The scorpion is severely wounded.
You constrict the scorpion, but do no damage.
The scorpion stings you! The orc closely misses you.
You hit the scorpion but do no damage.
The scorpion is severely wounded.
You constrict the scorpion. The scorpion barely misses you.
The orc closely misses you. The scorpion barely misses you.
You hit the scorpion.
You kill the scorpion!
The orc hits you with a +0 hand axe!
Training target 2.0 for Translocations reached!
Your Translocations skill increases to level 2!
You barely miss the orc. Your grab misses the orc. You squeeze the orc.
The orc is almost dead.
The orc zaps a wand.
The bolt of acid hits you! The acid corrodes you!
You are splashed with acid!
You die...

........#*,,,,..,..#
###.###.#**,**..,#.#
..*,# *,***,**#.*#.#
#.#.# *,**,,* #.*#.#
#.#.# *,**,**##.*#.#
....# #.##.#*,..##.#
....# #.##.#,**#.#.#
....###.##.#.* #†o.#
.....##.##.#.###@###
.....##.##.##...##
.....##.##.###..#
###.............#
#............##
#.#..#########
#.#..# #.#..#
###.#..#


You could see an orc.

Vanquished Creatures
  Edmund (D:3)
  An orc warrior (D:3)
  A scorpion (D:4)
  2 hounds (D:4)
  2 orc priests (D:3)
  A scorpion zombie (D:3)
  Jessica (D:3)
  An iguana (D:3)
  2 orc wizards (D:4)
  5 adders
  2 worms
  2 dart slugs
  15 orcs
  8 endoplasms
  3 giant cockroaches
  7 goblins
  6 hobgoblins
  5 quokkas
  A ball python (D:3)
  5 bats (D:1)
  5 frilled lizards
  11 kobolds
  8 rats
95 creatures vanquished.

Vanquished Creatures (others)
  30 plants (D:4)
30 creatures vanquished.

Grand Total: 125 creatures vanquished

Notes
Turn   | Place    | Note
-------+----------+-------------------------------------------
     0 | D:1      | iwittbrodt the Octopode Monk began the quest for the Orb.
     0 | D:1      | Reached XP level 1. HP: 16/16 MP: 1/1
    25 | D:1      | Found a faded altar of an unknown god.
   347 | D:1      | Reached XP level 2. HP: 21/21 MP: 2/2
  1121 | D:1      | Reached XP level 3. HP: 26/26 MP: 3/3
  1304 | D:2      | Found a hide-covered altar of Uskayaw.
  1305 | D:2      | Found Huilamo's Distillery.
  1965 | D:2      | Learned a level 1 spell: Apportation
  2033 | D:2      | Reached XP level 4. HP: 27/33 MP: 4/4
  2293 | D:3      | Noticed Jessica
  2358 | D:3      | Found a glowing silver altar of Zin.
  2450 | D:3      | Reached skill level 4 in Fighting
  2451 | D:3      | Found a burning altar of Makhleb.
  2535 | D:3      | Killed Jessica
  2536 | D:3      | Reached XP level 5. HP: 30/37 MP: 5/5
  2960 | D:3      | HP: 1/38 [orc priest/divine providence (11)]
  3378 | D:3      | Reached XP level 6. HP: 34/44 MP: 6/6
  4121 | D:4      | Found a glowing golden altar of the Shining One.
  4127 | D:4      | Became a worshipper of the Shining One
  4127 | D:4      | Reached * piety under the Shining One
  4127 | D:4      | Reached ** piety under the Shining One
  4130 | D:4      | Noticed an orc warrior
  4215 | D:3      | Killed an orc warrior
  4216 | D:3      | Reached skill level 5 in Fighting
  4216 | D:3      | Reached skill level 1 in Translocations
  4569 | D:4      | Noticed Edmund
  4579 | D:4      | Reached skill level 1 in Invocations
  4579 | D:4      | Reached XP level 7. HP: 44/50 MP: 7/7
  4707 | D:3      | Killed Edmund
  4996 | D:4      | Splashed by an orc's acid

Illustrated notes

Levels and vault maps discovered:
D:1:      psy_arrival_radial02, layout_loops_corners,
          dreamdust_ecumenical_altar_statues
D:2:      layout_rooms, basic_altar, serial_shops, nicolae_shop_waterfront,
          uniq_crazy_yiuf_cottage
D:3:      minmay_chambers_of_threes, layout_basic, bloody_makhleb,
          mainiacjoe_overflow_catwalk, uniq_jessica
D:4:      layout_loops_ring, lemuel_crystal_altar,
          mainiacjoe_overflow_small_starburst, grunt_dithmenos_smoke,
          minivault_11, serial_bayou_lake_a, uniq_edmund

Skill      XL: |  1  2  3  4  5  6  7 |
---------------+----------------------+-----
Stealth        | 3 4 |  4.5
Fighting       | 4 5 |  5.7
Dodging        | 4 |  4.5
Polearms       | 4 |  4.5
Translocations | 1 2 |  2.0
Invocations    | 1 |  1.8

Action                   |  1- 3 |  4- 6 |  7- 9 || total
-------------------------+-------+-------+-------++-------
Melee: Spear             |   103 |    77 |       ||   180
       Constrict         |    13 |    28 |     4 ||    45
       Tentacles         |    13 |    24 |     5 ||    42
       Trident           |       |   107 |    43 ||   150
Throw: Stone             |    43 |    41 |     3 ||    87
  Use: Scroll            |       |     1 |       ||     1
 Stab: Sleeping          |     6 |     2 |       ||     8
Armor: Skin              |     7 |     4 |       ||    11
Dodge: Dodged            |    31 |    43 |    16 ||    90
